 Dungeon Crawl Stone Soup version 0.21.1-1-g345015f (webtiles) character file.

311 johnjohn the Chopper (level 6, -5/56 HPs)
             Began as a Hill Orc Fighter on May 15, 2018.
             Killed by divine providence
             ... invoked by an orc priest
              (17 damage)
             ... on level 4 of the Dungeon.
             The game lasted 00:11:52 (2444 turns).

johnjohn the Chopper (Hill Orc Fighter)             Turns: 2444, Time: 00:11:53

Health: -5/56      AC:  6    Str: 19    XL:     6   Next: 42%
Magic:  6/6        EV:  7    Int:  8    God:
Gold:   200        SH:  9    Dex: 12    Spells: 5/5 levels left

rFire    . . .     SeeInvis .   a - +0 war axe
rCold    . . .     Gourm    .   c - +0 shield
rNeg     . . .     Faith    .   b - +0 scale mail
rPois    .         Spirit   .   (no helmet)
rElec    .         Reflect  .   (no cloak)
rCorr    .         Harm     .   (no gloves)
MR       .....                  (no boots)
Stlth    ..........             e - amulet of rage
HPRegen  0.18/turn              (no ring)
MPRegen  0.10/turn              (no ring)

@: no status effects
A: no striking features
a: Convert to Beogh, Evoke Berserk Rage


You were on level 4 of the Dungeon.
You were not hungry.

You visited 1 branch of the dungeon, and saw 4 of its levels.

You collected 200 gold pieces.

Inventory:

Hand Weapons
 a - a +0 war axe (weapon)
Armour
 b - a +0 scale mail (worn)
 c - a +0 shield (worn)
 g - a +0 ring mail
Jewellery
 e - an amulet of rage (around neck)
Wands
 p - a wand of paralysis (14)
 s - a wand of enslavement (17)
Scrolls
 h - 3 scrolls of identify
 i - 3 scrolls of remove curse
 k - 2 scrolls of noise {unknown}
 m - 2 scrolls of teleportation {unknown}
 t - a scroll of blinking {unknown}
 u - 2 scrolls of enchant weapon {unknown}
 w - a scroll of immolation {unknown}
Potions
 d - a potion of might
 j - 2 potions of heal wounds
 l - 2 potions of berserk rage {unknown}
 n - 2 potions of magic {unknown}
 o - a potion of degeneration {unknown}
 q - 2 potions of cancellation {unknown}
 r - 2 potions of flight {unknown}
 v - a potion of agility {unknown}
 x - 2 potions of curing {unknown}
Comestibles
 f - 4 rations


   Skills:
 + Level 5.5 Fighting
 * Level 6.9 Axes
 - Level 3.6 Armour
 - Level 3.5 Shields


You had 5 spell levels left.
You didn't know any spells.

Dungeon Overview and Level Annotations

Branches:
Dungeon (4/15)
 Temple: D:4-7

Altars:
Cheibriados
Dithmenos
Elyvilon
Fedhas
Gozag
Hepliaklqana
Okawaru
Qazlal
Ru
Vehumet
Xom
The Shining One


Message History

You closely miss the orc wizard.
The orc wizard is almost dead.
You hit the orc. You block the orc's attack. The orc wizard barely misses you.
You barely miss the orc wizard.
The orc wizard is almost dead.
You slash the orc!
You kill the orc!
You block the orc wizard's attack.
The orc priest invokes the aid of Beogh against you.
Beogh smites you!
You closely miss the orc wizard.
The orc wizard is almost dead.
The orc wizard points at you and mumbles some strange words.
The magic dart hits you!
* * * LOW HITPOINT WARNING * * *
You hit the orc wizard.
You kill the orc wizard!
The orc priest calls down the wrath of Beogh upon you.
Beogh smites you!
You die...

...#................#........#
...#................'........#
..####+######..#....###...####
#####..##..###.########...#
...........###.###....#...#
...........#§...§#....#...#
...........#.....#....#...#
.............._.)).o..#..<#
..##.......#....@#.>..#...#
..##...##..#§...§##o#######
........######.### ...
..#####.# #.# .o... ..# .# #..
o...... ..# ###. ...o... ..#
.. ..o.... ..# ###...... ..#


You could see an orc priest.

Vanquished Creatures
  The ghost of Akransas the Skirmisher, an amateur NaFi of the Shining One (D:3)
  A howler monkey (D:4)
  An orc wizard (D:4)
  5 adders
  2 oozes
  A worm (D:3)
  2 dart slugs
  A leopard gecko (D:3)
  11 orcs
  4 bats
  4 giant cockroaches
  10 goblins
  3 hobgoblins
  10 jackals
  A quokka (D:2)
  A ball python (D:1)
  A ball python skeleton (D:4)
  8 frilled lizards
  10 kobolds
  6 rats
83 creatures vanquished.

Notes
Turn   | Place    | Note
-------+----------+-------------------------------------------
     0 | D:1      | johnjohn the Hill Orc Fighter began the quest for the Orb.
     0 | D:1      | Reached XP level 1. HP: 19/19 MP: 1/1
    71 | D:1      | Reached XP level 2. HP: 27/27 MP: 2/2
   175 | D:1      | Reached skill level 3 in Axes
   262 | D:1      | Reached XP level 3. HP: 33/33 MP: 3/3
   615 | D:2      | Reached skill level 4 in Axes
   713 | D:2      | Reached XP level 4. HP: 35/40 MP: 4/4
   788 | D:2      | Found a radiant altar of Vehumet.
  1281 | D:3      | Found a white marble altar of Elyvilon.
  1291 | D:3      | Found a blossoming altar of Fedhas.
  1301 | D:3      | Found a shadowy altar of Dithmenos.
  1306 | D:3      | Found a sacrificial altar of Ru.
  1328 | D:3      | Found an opulent altar of Gozag.
  1330 | D:3      | Found a shimmering altar of Xom.
  1331 | D:3      | Found a hazy altar of Hepliaklqana.
  1335 | D:3      | Noticed Akransas's ghost (amateur NaFi)
  1345 | D:3      | Killed Akransas's ghost
  1345 | D:3      | Reached skill level 5 in Fighting
  1345 | D:3      | Reached skill level 5 in Axes
  1345 | D:3      | Reached XP level 5. HP: 48/48 MP: 5/5
  1360 | D:3      | Reached skill level 6 in Axes
  1640 | D:3      | Found a glowing golden altar of the Shining One.
  1746 | D:4      | Found a glowing golden altar of the Shining One.
  1746 | D:4      | Found a snail-covered altar of Cheibriados.
  1746 | D:4      | Found a stormy altar of Qazlal.
  1746 | D:4      | Found an iron altar of Okawaru.
  1804 | D:4      | Found a stormy altar of Qazlal.
  1963 | D:4      | Reached XP level 6. HP: 55/56 MP: 6/6
  2444 | D:4      | Killed from afar by an orc priest

Skill      XL: |  1  2  3  4  5 |
---------------+----------------+-----
Axes           | 3 4 5 6 |  6.9
Fighting       | 4 5 |  5.5
Armour         | |  3.6
Shields        | |  3.5

Action                   |  1- 3 |  4- 6 || total
-------------------------+-------+-------++-------
Melee: War axe           |   118 |   149 ||   267
 Abil: Evoke Berserk Rag |       |     2 ||     2
  Use: Scroll            |       |     2 ||     2
  Eat: Chunk             |       |     6 ||     6
       Ration            |       |     1 ||     1
Armor: Scale mail        |    28 |    54 ||    82
       Ring mail         |    18 |     4 ||    22
Dodge: Dodged            |    28 |    40 ||    68
Block: Shield            |    65 |    76 ||   141
